 Dungeon Sprint DCSS version 0.29.1-15-g9cfb28693d (webtiles) character file.

Game seed: 12887373610377004725

863 dialectric the Fighter (level 8, -23/90 HPs)
             Began as a Gargoyle Fighter on Mar 2, 2023.
             Annihilated by a boulder beetle (53 damage)
             ... in the Dungeon (Sprint II: "The Violet Keep of Menkaure").
             The game lasted 00:00:56 (96 turns).

dialectric the Fighter (Gargoyle Fighter)             Turns: 96, Time: 00:00:57

Health: -23/90     AC: 16    Str: 19    XL:     8   Next: 2%
Magic:  8/8        EV: 11    Int: 10    God:
Gold:   243        SH:  0    Dex: 11    Spells: 7/7 levels left

rFire   . . .      SeeInvis .   a - +0 flail
rCold   . . .      Faith    .   (no shield)
rNeg    + . .      Spirit   .   b - +0 scale mail
rPois   ∞          Reflect  .   (no helmet)
rElec   +          Harm     .   (no cloak)
rCorr   .          Rampage  .   (no gloves)
Will    .....      NoTele   +   (no boots)
Stlth   ..........              (no amulet)
HPRegen 0.00/turn               (no ring)
MPRegen 0.11/turn               (no ring)

@: berserking, inhibited regen, very quick
A: sickness immunity, AC +5, negative energy resistance 1, electricity
resistance, torment resistance 1, petrification resistance, iridescent scales 1,
deterioration 2, inhibited regeneration
a: no special abilities


You were in the Dungeon.
You visited 1 branch You collected 243 gold pieces.

Inventory:

Hand Weapons
 a - a +0 flail (weapon)
Armour
 b - a +0 scale mail (worn)
 c - a +0 buckler
Scrolls
 j - a scroll of blinking
Potions
 g - a potion of haste
 h - 2 potions of magic


   Skills:
 + Level 11.1 Fighting
 * Level 10.0 Maces & Flails
 + Level 10.7 Armour
 - Level 3.0 Dodging
 - Level 3.2 Shields


You had 7 spell levels left.
You didn't know any spells.
Your spell library was empty.

Dungeon Overview and Level Annotations

Branches:
Dungeon (1/1)

Altars:

Annotations:
D exclusion: Roxanne, Roxanne


Innate Abilities, Weirdness & Mutations

You are immune to sickness and miasma.
Your stone body is resilient. (AC +5)
You are immune to poison.
You resist negative energy. (rN+)
You are resistant to electric shocks. (rElec)
You are resistant to unholy torment.
You are immune to petrification.
You are partially covered in iridescent scales. (AC +2)
Your body often deteriorates upon taking damage.
You do not regenerate when monsters are visible.


Message History

You miss the neqoxec.
The neqoxec is heavily wounded.
The neqoxec hits you.
You thump the neqoxec!
You kill the neqoxec!
You feel your intelligence returning.
Your Maces & Flails skill increases to level 9!
You now have 243 gold pieces.
Menkaure and a boulder beetle come into view.
Found 243 gold pieces.
Unknown command.
You close the door.
Okay, then.
A red film seems to cover your vision as you go berserk!
You feel yourself moving faster!
You feel mighty!
Menkaure opens the door.
A boulder beetle comes into view.
You feel a strong urge to attack something.
The boulder beetle curls into a ball and begins rolling!
There is an open door here.
You barely miss Menkaure.
Menkaure is lightly damaged.
Menkaure closely misses you.
You barely miss Menkaure.
Menkaure is lightly damaged.
You sock Menkaure!
Menkaure is severely damaged.
Menkaure hits you.
You thump Menkaure!
You destroy Menkaure!
The boulder beetle curls into a ball and begins rolling!
Your Fighting skill increases to level 11!
Your Maces & Flails skill increases to level 10!
You have reached level 8!
You feel clever.
You feel a strong urge to attack something.
The boulder beetle stops rolling and uncurls.
The boulder beetle attacks as you move away!
The boulder beetle hits you!!!
Ouch! That really hurt!
You die...

~~~~~
§8~. ~§~
§~~
++#+++
....
##'##
##...#
#@##..# #
##B####
##. ##°#
#...##B##
#†○°.+
#...##°##
##. #°# #
°#$ ° .


You could see 2 boulder beetles.

Vanquished Creatures
  4 neqoxecs (D)
  Menkaure (D)
  4 necrophages (D)
9 creatures vanquished.

Notes
Turn   | Place    | Note
-------+----------+-------------------------------------------
     0 | D        | dialectric the Gargoyle Fighter began the quest for the
                  | Orb.
     0 | D        | Reached XP level 1. HP: 14/14 MP: 1/1
     8 | D        | Noticed a necrophage
     8 | D        | Noticed a necrophage
     8 | D        | Noticed a necrophage
     8 | D        | Noticed a necrophage
    11 | D        | Killed a necrophage
    12 | D        | Reached skill level 5 in Fighting
    12 | D        | Reached skill level 5 in Armour
    12 | D        | Reached XP level 2. HP: 18/21 MP: 2/2
    12 | D        | Reached XP level 3. HP: 23/26 MP: 3/3
    12 | D        | Reached XP level 4. HP: 27/31 MP: 4/4
    21 | D        | Killed a necrophage
    22 | D        | Reached skill level 6 in Fighting
    22 | D        | Reached XP level 5. HP: 17/37 MP: 5/5
    25 | D        | Reached skill level 7 in Fighting
    27 | D        | Reached skill level 8 in Fighting
    27 | D        | Reached skill level 5 in Maces & Flails
    27 | D        | Reached XP level 6. HP: 22/45 MP: 6/6
    28 | D        | Noticed a neqoxec
    34 | D        | Noticed a neqoxec
    37 | D        | Killed a neqoxec
    38 | D        | Reached skill level 9 in Fighting
    38 | D        | Gained mutation: Your body sometimes deteriorates upon
                  | taking damage. [a neqoxec]
    42 | D        | Killed a neqoxec
    43 | D        | Reached skill level 10 in Fighting
    43 | D        | Reached XP level 7. HP: 41/52 MP: 7/7
    46 | D        | Noticed a neqoxec
    46 | D        | Noticed a neqoxec
    48 | D        | Identified Roxanne's Secrets of Forms
    48 | D        | Noticed Roxanne
    49 | D        | Gained mutation: You do not regenerate when monsters are
                  | visible. [a neqoxec]
    58 | D        | Gained mutation: You are partially covered in iridescent
                  | scales. (AC +2) [a neqoxec]
    61 | D        | Killed a neqoxec
    62 | D        | Reached skill level 10 in Armour
    69 | D        | Gained mutation: Your body often deteriorates upon taking
                  | damage. [a neqoxec]
    78 | D        | Killed a neqoxec
    85 | D        | Noticed Menkaure
    85 | D        | Noticed a boulder beetle
    89 | D        | Noticed a boulder beetle
    93 | D        | Killed Menkaure
    94 | D        | Reached skill level 11 in Fighting
    94 | D        | Reached skill level 10 in Maces & Flails
    94 | D        | Reached XP level 8. HP: 30/60 MP: 8/8
    96 | D        | Annihilated by a boulder beetle

Illustrated notes

Levels and vault maps discovered:
D:        the_violet_keep_of_menkaure [sprint2_stairs_cluster_1,
          sprint2_shoproom, sprint2_temple, sprint2_basic_supplies,
          sprint2_obstacle_3, sprint2_obstacle_4, sprint2_obstacle_6,
          sprint2_obstacle_7, sprint2_obstacle_5, sprint2_timed_cluster_1,
          sprint2_smallroom_cluster_1, sprint2_smallroom_final_cluster_1,
          sprint2_transparent_cluster_1, sprint2_second_timed_cluster_1,
          sprint2_sniper_area_1, sprint2_heavy_combat_area_1,
          sprint2_mutation_trap_area_1, sprint2_forest_area_1,
          sprint2_light_combat_area_1, sprint2_behind_water_1,
          sprint2_near_end_vault_1]

Skill      XL: |  1  2  3  4  5  6  7 |
---------------+----------------------+-----
Fighting       | 5 6 8 10 11 | 11.1
Maces & Flails | 3 5 8 10 | 10.0
Armour         | 5 6 8 9 10 | 10.7
Dodging        | 2 3 |  3.0
Shields        | |  3.2

Action                   |  1- 3 |  4- 6 |  7- 9 || total
-------------------------+-------+-------+-------++-------
Melee: Flail             |     2 |    27 |    34 ||    63
       Punch             |       |       |     2 ||     2
  Use: Potion            |     1 |     2 |     1 ||     4
Armor: Scale mail        |       |    11 |     7 ||    18
Dodge: Dodged            |       |     7 |    11 ||    18
